 Dungeon Crawl Stone Soup version 0.29.1-debian-1-gc3f1650bb9 (webtiles) character file.

Game seed: 16486518087996508513

4 NinjaNoafa the Chopper (level 1, -1/19 HPs)
             Began as a Hill Orc Monk on Sept 12, 2022.
             Slain by a kobold
             ... wielding a +0 club
              (4 damage)
             ... on level 1 of the Dungeon.
             The game lasted 00:00:12 (41 turns).

NinjaNoafa the Chopper (Hill Orc Monk)                Turns: 41, Time: 00:00:12

Health: -1/19      AC:  2    Str: 13    XL:     1   Next: 60%
Magic:  1/1        EV: 12    Int: 10    God:
Gold:   0          SH:  0    Dex: 13    Spells: 0/0 levels left

rFire   . . .      SeeInvis .   a - +0 hand axe
rCold   . . .      Faith    .   (no shield)
rNeg    . . .      Spirit   .   b - +0 robe
rPois   .          Reflect  .   (no helmet)
rElec   .          Harm     .   (no cloak)
rCorr   .          Rampage  .   (no gloves)
Will    .....                   (no boots)
Stlth   ++........              (no amulet)
HPRegen 0.06/turn               (no ring)
MPRegen 0.07/turn               (no ring)

@: no status effects
A: no striking features
a: no special abilities


You were on level 1 of the Dungeon.
You visited 1 branch of the dungeon, and saw 1 of its levels.

Inventory:

Hand Weapons
 a - a +0 hand axe (weapon)
Armour
 b - a +0 robe (worn)
Potions
 c - a potion of ambrosia


   Skills:
 - Level 3.6 Fighting
 - Level 4.0 Axes
 + Level 1.2 Armour
 - Level 2.4 Dodging
 - Level 1.5 Stealth


You couldn't memorise any spells.
You didn't know any spells.
Your spell library was empty.

Dungeon Overview and Level Annotations

Branches:
Dungeon (1/15)

Altars:


Message History

There is an open door here.
Found a faded altar of an unknown god.
You open the door.
There is an open door here.
There is an open door here.
A kobold comes into view. It is wielding a +0 club.
Found a scroll labelled ETINUF FIEPEUCK.
The kobold shouts!
You hear an angry hiss.
A hobgoblin and a giant cockroach come into view.
The hobgoblin shouts!
The giant cockroach moves out of view.
You closely miss the kobold.
A ball python comes into view.
The kobold hits you with a +0 club.
You closely miss the kobold. The kobold misses you.
You closely miss the kobold. The kobold hits you with a +0 club.
You barely miss the kobold. You hit the hobgoblin but do no damage.
The hobgoblin hits you. The kobold hits you with a +0 club.
The kobold attacks as you move away! The kobold barely misses you.
The hobgoblin misses you. The giant cockroach bites you.
The hobgoblin attacks as you move away! The hobgoblin misses you.
The kobold attacks as you move away! The kobold barely misses you.
The hobgoblin attacks as you move away! The hobgoblin hits you.
* * * LOW HITPOINT WARNING * * *
You barely miss the hobgoblin. The hobgoblin closely misses you.
You hit the hobgoblin.
You kill the hobgoblin!
You hit the ball python.
You kill the ball python!
You closely miss the giant cockroach. The giant cockroach closely misses you.
The giant cockroach bites you but does no damage.
You hit the giant cockroach.
You kill the giant cockroach!
Your Armour skill increases to level 1!
You hit the kobold but do no damage. The kobold hits you with a +0 club.
* * * LOW HITPOINT WARNING * * *
You closely miss the kobold. The kobold closely misses you.
The kobold barely misses you.
You closely miss the kobold. The kobold hits you with a +0 club.
You die...

#..#
#####..########
#..##..##.....#
#..##...'..<..#
#..##..##.....#
#..'...########
#..##..#########.
#..##............
#..##.⌠.K@.......
#####...########.
## #...########
..##.#........
...#B###...#
...##.#K.......
#.#............#
..........##.#.#
.#..##..... ?.


You could see a kobold.

Vanquished Creatures
  A ball python (D:1)
  A giant cockroach (D:1)
  A hobgoblin (D:1)
3 creatures vanquished.

Notes
Turn   | Place    | Note
-------+----------+-------------------------------------------
     0 | D:1      | NinjaNoafa the Hill Orc Monk began the quest for the Orb.
     0 | D:1      | Reached XP level 1. HP: 19/19 MP: 1/1
     4 | D:1      | Found a faded altar of an unknown god.
    39 | D:1      | Reached skill level 1 in Armour
    41 | D:1      | Slain by a kobold

Illustrated notes

Levels and vault maps discovered:
D:1:      dpeg_arrival_rooms_a, layout_basic, ebering_ecumenical_altar_abandoned

Skill      XL: |  1 |
---------------+----+-----
Armour         | 1 |  1.2
Fighting       | |  3.6
Axes           | |  4.0
Dodging        | |  2.4
Stealth        | |  1.5

Action                   || total
-------------------------++-------
Melee: Hand axe          ||    11
Armor: Robe              ||     1
Dodge: Dodged            ||     9
